Map: Odyssey LE

Players

Yata - Winner!

  • Race: Zerg Zerg
  • League: Gold
  • Spawn Location: 5:00

Kronos

  • Race: Protoss Protoss
  • Spawn Location: 11:00

VOD

Have the link to the VOD?

Description

Time

  • Played on: Aug. 31, 2017, 6:32 p.m.
  • Length: 13:17
Show
View Real Time Build Order
Export as new Build Order

Yata Zerg - Winner!

Build Orders: Hatch First, Lurkers 

Get SALT Encoding   

  12  0:01  Drone  
  13  0:12  Overlord  
  13  0:23  Drone  
  14  0:30  Drone  
  14  0:31  Drone  
  14  0:34  Drone  
  17  0:55  Drone  
  17  0:56  Hatchery  
  17  1:00  Drone  
  18  1:09  Extractor  
  17  1:15  Spawning Pool  
  16  1:18  Drone  
  16  1:22  Drone  
  18  1:28  Drone  
  19  1:39  Overlord  
  19  1:50  Drone  
  20  2:03  Queen  
  22  2:08  Queen  
  22  2:09  Zergling x2  
  22  2:10  Zergling x2  
  22  2:13  Metabolic Boost  
  22  2:15  Drone  
  27  2:25  Drone x2  
  29  2:31  Overlord  
  29  2:44  Drone x3  
  32  2:53  Baneling Nest  
  32  2:54  Drone x2  
  33  3:01  Drone  
  33  3:04  Drone  
  35  3:14  Drone x4  
  39  3:28  Drone x3  
  39  3:29  Drone x2  
  44  3:41  Hatchery  
  43  3:50  Extractor  
  43  3:51  Lair  
  43  3:52  Extractor  
  41  3:59  Extractor, Drone x3, Evolution Chamber  
  41  4:01  Queen  
  44  4:20  Overlord x3  
  44  4:21  Overlord  
  44  4:25  Zerg Missile Weapons Level 1  
  44  4:28  Baneling  
  44  4:29  Baneling x2  
  44  4:37  Pneumatized Carapace  
  42  5:07  Hydralisk Den  
  42  5:13  Drone x3  
  42  5:14  Drone x6  
  46  5:15  Drone x6  
  46  5:16  Drone  
  57  5:27  Zergling x6  
  57  5:28  Zergling x2  
  61  5:43  Hydralisk x4  
  69  5:51  Queen  
  69  5:52  Queen  
  73  5:57  Hatchery  
  73  5:59  Muscular Augments  
  72  6:10  Hydralisk  
  72  6:11  Hydralisk x4  
  74  6:17  Overlord  
  74  6:18  Overlord x2  
  82  6:23  Zerg Ground Armor Level 1  
  82  6:26  Centrifical Hooks  
  82  6:32  Baneling x4  
  82  6:38  Hydralisk  
  82  6:57  Hydralisk x4  
  90  7:15  Lurker Den  
  90  7:17  Queen  
  92  7:34  Baneling x3  
  92  7:37  Drone x6  
  92  7:38  Drone x5  
  92  7:39  Drone  
  92  7:40  Overlord x2  
  92  7:41  Overlord x3  
  104  8:11  Hydralisk x5  
  104  8:12  Hydralisk x5  
  116  8:13  Hydralisk  
  124  8:27  Zergling x4  
  124  8:28  Zergling x16  
  134  8:39  Zerg Missile Weapons Level 2  
  134  8:58  Nydus Network  
  133  9:04  Lurker  
  133  9:07  Lurker  
  128  9:13  Hydralisk  
  127  9:20  Roach Warren  
  126  9:50  Lurker x3  
  129  10:04  Zergling x24  
  129  10:05  Zergling x6  
  144  10:22  Hatchery  
  144  10:27  Nydus Canal  
  123  11:20  Zergling x30  
  123  11:21  Zergling x12  
  143  11:53  Zergling x10  
  143  11:54  Zergling x4  
  149  12:09  Overlord  
  149  12:10  Overlord x7  
  149  12:11  Overlord x6  
Show
View Real Time Build Order
Export as new Build Order

Kronos Protoss 

Build Orders: 1 Gate Expand 

Get SALT Encoding   

  12  0:05  Probe (Chrono Boost)  
  13  0:20  Probe (Chrono Boost)  
  14  0:21  Pylon  
  14  0:31  Probe (Chrono Boost)  
  15  0:41  Probe (Chrono Boost)  
  16  0:47  Gateway  
  16  0:52  Probe (Chrono Boost)  
  16  0:53  Assimilator  
  17  1:03  Probe (Chrono Boost)  
  18  1:17  Probe (Chrono Boost)  
  19  1:30  Probe (Chrono Boost)  
  19  1:31  Nexus  
  20  1:40  Zealot (Chrono Boost)  
  22  1:47  Cybernetics Core  
  22  1:49  Probe  
  23  1:57  Assimilator  
  23  2:05  Pylon  
  23  2:23  Probe  
  23  2:28  Zealot (Chrono Boost)  
  26  2:33  Pylon  
  26  2:36  Probe  
  27  2:43  Probe  
  27  2:48  Probe  
  29  2:53  Probe  
  30  3:01  Probe  
  31  3:09  Zealot (Chrono Boost)  
  31  3:12  Warp Gate  
  33  3:13  Probe  
  34  3:36  Gateway  
  33  3:52  Probe  
  34  3:56  Zealot (Chrono Boost)  
  34  3:57  Probe  
  37  4:06  Mothership Core  
  39  4:14  Gateway  
  39  4:16  Gateway  
  39  4:20  Zealot (Chrono Boost)  
  41  4:26  Probe  
  42  4:36  Probe  
  43  4:40  Pylon  
  43  4:48  Nexus  
  38  5:07  Probe  
  38  5:08  Probe  
  40  5:19  Probe  
  41  5:27  Probe  
  42  5:38  Probe  
  42  5:41  Zealot x3  
  42  5:42  Zealot  
  51  5:55  Robotics Facility  
  51  6:03  Probe  
  51  6:08  Probe  
  53  6:13  Probe  
  54  6:18  Probe  
  54  6:24  Zealot x4, Probe  
  63  6:29  Probe  
  65  6:40  Probe  
  66  6:53  Assimilator  
  54  7:03  Probe  
  54  7:07  Stalker x2  
  59  7:20  Probe  
  60  7:24  Probe  
  60  7:29  Probe  
  61  7:32  Probe  
  63  7:39  Probe  
  64  7:45  Probe  
  64  7:50  Probe  
  65  7:53  Probe  
  65  7:58  Zealot x4  
  73  8:02  Observer  
  76  8:05  Probe  
  77  8:45  Pylon  
  77  8:47  Pylon  
  77  8:58  Nexus  
  77  9:01  Probe  
  76  9:23  Nexus  
  76  9:26  Probe  
  76  9:28  Probe  
  76  9:29  Probe  
  79  9:44  Sentry x2  
  79  9:45  Sentry  
  85  9:50  Probe  
  86  9:53  Probe  
  86  9:56  Probe  
  88  10:01  Probe  
  88  10:05  Forge  
  89  10:11  Probe  
  90  10:14  Probe  
  90  10:15  Assimilator  
  91  10:23  Probe  
  93  10:28  Probe  
  93  10:32  Probe  
  93  10:34  Probe  
  95  10:43  Probe  
  40  11:04  Stalker x3  
  40  11:05  Stalker  
  40  11:28  Zealot  
  18  11:54  Probe  
  16  12:13  Pylon  
  16  12:15  Probe  
  13  12:41  Gateway  
  13  12:43  Probe  
  12  12:54  Probe  
Tags
 
Composition
Lurkers
League
Gold
Matchup
PvZ
Replay Pack
Pack 1
Spawn Locations
Cross Positions
Add a new tag
Caveats
  • Supply blocks, unpowered buildings, or Contaminate may cause inaccurate times.
  • Supply counts are checked every 10 seconds.